 Dungeon Crawl Stone Soup version 0.28.0 (webtiles) character file.

Game seed: 8694425790221760977

358 PieDemon the Conjurer (level 6, -1/34 HPs)
             Began as a Deep Elf Conjurer on Feb 6, 2022.
             Slain by an orc (2 damage)
             ... on level 4 of the Dungeon.
             The game lasted 00:16:21 (3609 turns).

PieDemon the Conjurer (Deep Elf Conjurer)           Turns: 3609, Time: 00:16:21

Health: -1/34      AC:  2    Str:  4    XL:     6   Next: 37%
Magic:  15/15      EV: 12    Int: 25    God:
Gold:   169        SH:  0    Dex: 13    Spells: 7/14 levels left

rFire   . . .      SeeInvis .   g - +0 short sword (drain)
rCold   . . .      Faith    .   (no shield)
rNeg    . . .      Spirit   .   a - +0 robe
rPois   .          Reflect  .   (no helmet)
rElec   .          Harm     .   (no cloak)
rCorr   .          Rampage  .   (no gloves)
Will    .....                   (no boots)
Stlth   +.........              (no amulet)
HPRegen 0.11/turn               i - +4 ring of slaying
MPRegen 0.14/turn               (no ring)

@: confused, mighty, attractive
A: no striking features
a: no special abilities


You were on level 4 of the Dungeon.
You visited 1 branch of the dungeon, and saw 4 of its levels.

You collected 169 gold pieces.

Inventory:

Hand Weapons
 g - a +0 short sword of draining (weapon)
Armour
 a - a +0 robe (worn)
Magical Staves
 r - a staff of cold
Jewellery
 i - a +4 ring of slaying (left hand)
 k - an amulet of faith
Scrolls
 h - a scroll of blinking {unknown}
 l - a scroll of vulnerability {unknown}
 m - a scroll of identify {unknown}
 o - a scroll of amnesia {unknown}
 q - a scroll of fog {unknown}
Potions
 b - a potion of might
 c - a potion of attraction
 e - a potion of flight {unknown}
 f - a potion of mutation {unknown}
 j - a potion of lignification {unknown}
 n - a potion of haste {unknown}
 p - a potion of ambrosia {unknown}


   Skills:
 - Level 1.0 Fighting
 - Level 3.0 Dodging
 - Level 4.0 Stealth
 + Level 4.9 Spellcasting
 + Level 5.8 Conjurations
 * Level 4.0 Hexes


You had 7 spell levels left.
You knew the following spells:

 Your Spells              Type           Power      Damage    Failure   Level
a - Magic Dart            Conj           100%       1d8       1%          1
b - Searing Ray           Conj           70%        2d7       1%          2
c - Fulminant Prism       Conj/Hex       15%        3d11      11%         4

Your spell library contained the following spells:

 Spells                   Type           Power      Damage    Failure   Level
 Dazzling Flash           Conj/Hex       60%        N/A       3%          3
 Animate Skeleton         Necr           12%        N/A       9%          1
 Apportation              Tloc           12%        N/A       9%          1
 Sting                    Tmut/Pois      24%        1d4       9%          1
 Summon Small Mammal      Summ           24%        N/A       9%          1
 Poisonous Vapours        Pois/Air       12%        N/A       13%         2
 Iskenderun's Mystic Bla  Conj/Tloc      20%        2d6       24%         4
 Olgreb's Toxic Radiance  Pois           6%         N/A       63%         4


Dungeon Overview and Level Annotations

Branches:
Dungeon (4/15)
 Temple: D:4-7

Altars:


Message History

An orc comes into view. It is wielding a +0 short sword.
An orc comes into view. It is wielding a +0 whip.
The orc wizard points at you and mumbles some strange words.
You resist with some effort.
You miss the orc wizard.
The orc wizard is almost dead.
The orc wizard hits you with a +2 dagger of electrocution.
You are electrocuted!
An orc comes into view. It is wielding a +0 hand axe.
The orc wizard hits you with a +2 dagger of electrocution.
You are electrocuted!
* * * LOW HITPOINT WARNING * * *
Okay, then.
You bump into the rock wall.
The orc shouts!
You hear a shout!
The orc wizard closely misses you.
Your magical contamination has completely faded away.
You're too confused to move!
You feel less confused.
Casting: Magic Dart (safe; 1% risk of failure)
Confirm with . or Enter, or press ? or * to list all spells.
Aiming: Magic Dart (safe; 1% risk of failure)
Press: ? - help, Shift-Dir - straight line, f/p - orc wizard
Aim: an orc wizard, wielding a +2 dagger of electrocution and wearing a +0 robe (almost dead, 100% to hit)
The magic dart hits the orc wizard.
The orc wizard is almost dead.
The orc wizard gestures at you while chanting.
You are confused.
An orc priest comes into view. It is wielding a +0 mace.
It was a potion of might.
You feel very mighty all of a sudden. The orc wizard closely misses you.
It was a potion of attraction.
You feel attractive to monsters.
The orc wizard hits you with a +2 dagger of electrocution.
* * * LOW HITPOINT WARNING * * *
The orc is attracted toward you. x2
It was a potion of magic.
Magic courses through your body. The orc wizard barely misses you.
The orc hits you with a +0 whip.
You die...

...$......##....##..#..
###...................
#...5.o....ยง..........
#......o...o.....[.....
...#...................
.. ##........o#....###
. ##.....###o...##
#....####oo#..# .......
#<@##...# .......# #..#
..# .......##..... ..#
##.........###...# ....
.....# .## #...... #
#....... ........


You could see an orc wizard and 3 orcs.

Vanquished Creatures
  A black bear (D:4)
  An ogre (D:4)
  2 orc wizards (D:3)
  4 gnolls (D:2)
  2 adders
  An ufetubus (D:4)
  3 dart slugs (D:1)
  5 orcs (D:3)
  9 ball pythons
  7 endoplasms
  2 giant cockroaches
  7 goblins
  5 hobgoblins
  4 kobolds
  A quokka (D:1)
  4 bats
  4 frilled lizards
  5 rats
67 creatures vanquished.

Notes
Turn   | Place    | Note
-------+----------+-------------------------------------------
     0 | D:1      | PieDemon the Deep Elf Conjurer began the quest for the Orb.
     0 | D:1      | Reached XP level 1. HP: 10/10 MP: 6/6
   307 | D:1      | Reached XP level 2. HP: 15/15 MP: 4/8
   510 | D:1      | Learned a level 2 spell: Searing Ray
   630 | D:1      | Found a faded altar of an unknown god.
   884 | D:1      | Reached XP level 3. HP: 20/20 MP: 6/9
  1639 | D:2      | Reached skill level 5 in Conjurations
  1717 | D:2      | Reached skill level 1 in Fighting
  1717 | D:2      | Reached XP level 4. HP: 18/25 MP: 7/11
  1765 | D:1      | Learned a level 4 spell: Fulminant Prism
  2863 | D:3      | Reached skill level 1 in Hexes
  2867 | D:3      | Reached XP level 5. HP: 29/29 MP: 7/13
  3503 | D:4      | Noticed a black bear
  3505 | D:4      | Noticed an ogre
  3509 | D:4      | Killed a black bear
  3510 | D:4      | Reached XP level 6. HP: 34/34 MP: 7/15
  3608 | D:4      | HP: 1/34 [orc wizard (4)]
  3609 | D:4      | Slain by an orc

Illustrated notes

Levels and vault maps discovered:
D:1:      minmay_arrival_stone_box, layout_loops_corners,
          shapermc_ecumenical_altar_pompeii
D:2:      layout_loops_ring
D:3:      layout_basic, minmay_unequal
D:4:      layout_cave_pools, minmay_temple_entry_large_hall, uniq_pikel

Skill      XL: |  1  2  3  4  5  6 |
---------------+-------------------+-----
Stealth        | 3 4 |  4.0
Conjurations   | 5 |  5.8
Fighting       | 1 |  1.0
Dodging        | 3 |  3.0
Spellcasting   | 4 |  4.9
Hexes          | 1 3 4 |  4.0

Action                   |  1- 3 |  4- 6 || total
-------------------------+-------+-------++-------
Melee: Short sword       |       |     1 ||     1
 Cast: Magic Dart        |    72 |    41 ||   113
       Searing Ray       |     1 |     8 ||     9
  Use: Potion            |       |     3 ||     3
Dodge: Dodged            |     2 |     5 ||     7
